 Dungeon Crawl Stone Soup version 0.30.0-5-g1a98f26d00 (webtiles) character file.

Game seed: 5628640689243850593

456 Esekla the Chiller (level 7, -5/52 HPs)
             Began as a Barachi Wanderer on May 8, 2023.
             Was an Initiate of Ashenzari.
             Slain by a gnoll sergeant
             ... wielding a +0 trident
              (8 damage)
             ... on level 4 of the Dungeon.
             The game lasted 00:27:00 (4719 turns).

Esekla the Chiller (Barachi Wanderer)               Turns: 4719, Time: 00:27:01

Health: -5/52      AC:  7    Str: 15    XL:     7   Next: 6%
Magic:  0/11       EV: 11    Int: 13    God:    Ashenzari [......]
Gold:   322        SH:  0    Dex: 11    Spells: 5/11 levels left

rFire   . . .        a - +0 falchion (vamp)
rCold   . . .        (no shield)
rNeg    . . .        c - +0 leather armour
rPois   .            (no helmet)
rElec   .            (no cloak)
rCorr   .            (no gloves)
SInv    .            (no boots)
Will    .....        g - amulet of the Restrained God {Spirit, Range, Bglg} (curse)
Stlth   ++           (no ring)
HPRegen 0.28/turn    (no ring)
MPRegen 0.12/turn

%: guardian spirit
@: ice-armoured, slow
A: amphibious, slowness 1, strong legs 1, +LOS
a: Hop, Renounce Religion, Shatter the Chains


You were on level 4 of the Dungeon.
You worshipped Ashenzari.
Ashenzari was noncommittal.
You visited 1 branch of the dungeon, and saw 5 of its levels.

You collected 322 gold pieces.

Inventory:

Hand Weapons
 a - a +0 vampiric falchion (weapon)
 s - a +1 dagger
Missiles
 i - 2 javelins (quivered)
 r - 2 poisoned darts
Armour
 c - a +0 leather armour (worn)
Jewellery
 g - the cursed amulet of the Restrained God (around neck) {Spirit, Range, Bglg}
   (You found it on level 5 of the Dungeon)

   [amulet of guardian spirit]

   It causes incoming damage to be divided between your reserves of health and
   magic.
   It has a curse which improves the following skills: Ranged Combat: Ranged
   Weapons and Throwing.
   Beguiling: Conjurations, Hexes and Translocations.
Wands
 d - a wand of flame (7)
Scrolls
 b - a scroll of teleportation
 f - 4 scrolls of identify {unknown}
 h - a scroll of blinking {unknown}
 m - a scroll of poison {unknown}
 n - a scroll of immolation {unknown}
 o - 2 scrolls of noise {unknown}
 q - a scroll of torment {unknown}
 t - a scroll of amnesia {unknown}
 v - a scroll of enchant weapon {unknown}
 w - a scroll of summoning {unknown}
Potions
 e - a potion of might
 j - 2 potions of mutation {unknown}
 k - a potion of ambrosia {unknown}
 l - 2 potions of attraction {unknown}
 p - a potion of cancellation {unknown}
 u - a potion of haste {unknown}
 x - a potion of resistance {unknown}


   Skills:
 * Level 3.2 Fighting
 + Level 0.1(1.9) Short Blades
 * Level 3.5 Long Blades
 + Level 1.1(1.4) Throwing
 * Level 3.1 Armour
 + Level 1.4 Dodging
 + Level 2.0 Stealth
 * Level 2.9 Spellcasting
 + Level 3.1(3.4) Translocations
 + Level 4.5 Ice Magic
 + Level 1.1 Evocations


You had 5 spell levels left.
You knew the following spells:

 Your Spells              Type           Power      Damage    Failure   Level
a - Ozocubu's Armour      Ice            13%        N/A       13%         3
b - Blink                 Tloc           20%        N/A       11%         2
c - Freeze                Ice            52%        1d6       4%          1

Your spell library contained the following spells:

 Spells                   Type           Power      Damage    Failure   Level
 Ensorcelled Hibernation  Hex/Ice        14%        N/A       17%         2
 Momentum Strike          Conj/Tloc      12%        3d8       22%         2
 Cigotuvi's Dreadful Rot  Necr/Pois/Air  2%         N/A       41%         2
 Ignite Poison            Fire/Tmut/Pois 1%         N/A       65%         3
 Freezing Cloud           Conj/Ice/Air   2%         6-21      99%         5


Dungeon Overview and Level Annotations

Branches:
Dungeon (5/15)
 Temple: D:4-7

Altars:
Ashenzari
Cheibriados
Makhleb
Nemelex Xobeh
Uskayaw
Xom
Zin

Shops:
D:2 (

Annotations:
D:5 Blork the orc


Innate Abilities, Weirdness & Mutations

You are amphibious.
You cover ground slowly.
You can hop short distances.
You have an extended range of vision and can be seen from far away.


Message History

The javelin completely misses the gnoll sergeant.
The gnoll shouts!
The javelin pierces through the gnoll.
The gnoll is heavily wounded.
There is an open door here.
The gnoll sergeant hits you with a +0 trident! x2
Casting: Ozocubu's Armour (dangerous; 13% risk of failure)
Confirm with . or Enter, or press ? or * to list all spells.
A film of ice covers your body! The gnoll sergeant barely misses you.
You hit the gnoll sergeant.
The gnoll sergeant is heavily wounded.
The gnoll sergeant hits you with a +0 trident.
You hit the gnoll sergeant.
The gnoll sergeant is heavily wounded.
The gnoll sergeant hits you with a +0 trident.
You hit the gnoll sergeant.
The gnoll sergeant is severely wounded.
The gnoll sergeant hits you with a +0 trident!
You hit the gnoll sergeant but do no damage.
The gnoll sergeant is severely wounded.
The gnoll sergeant hits you with a +0 trident.
You hit the gnoll sergeant.
The gnoll sergeant is almost dead.
The gnoll sergeant hits you with a +0 trident.
You hit the gnoll sergeant but do no damage.
The gnoll sergeant is almost dead.
The gnoll sergeant hits you but does no damage.
You hit the gnoll sergeant but do no damage.
The gnoll sergeant is almost dead.
The gnoll sergeant hits you with a +0 trident.
You closely miss the gnoll sergeant.
The gnoll sergeant is almost dead.
The gnoll sergeant hits you with a +0 trident!
* * * LOW HITPOINT WARNING * * *
The gnoll sergeant hits you with a +0 trident.
* * * LOW HITPOINT WARNING * * *
You hit the gnoll sergeant.
The gnoll sergeant is almost dead.
The gnoll sergeant hits you with a +0 trident!
You die...

...........).)...............>...
..........########..............#
#########.# #.#######.##...# #
######'##### #.# # ##...#
####..........# #.#### ##.Kg#
..##..........# #....# #.....
#.##..........# #....# #....g
#.##..........####....# ####.....
'.............+.@gg...###........
#.............####.........(.....
###...........# #....##......_..
# ##..........# ###### #........
# #..........# #........ #
##'#####+################..... #
#.# #........#.# #..... #.#
#........#.###..... ..
#........#.........


You could see a gnoll sergeant and a gnoll.

Vanquished Creatures
  An ogre (D:5)
  A wight (D:4)
  An orc priest (D:4)
  A sleepcap (D:3)
  An iguana (D:5)
  An orc wizard (D:4)
  2 gnolls (D:4)
  An adder (D:3)
  6 worms
  2 dart slugs
  12 orcs
  8 bats
  6 endoplasms
  5 giant cockroaches
  5 hobgoblins
  4 quokkas
  6 ball pythons
  11 frilled lizards
  12 goblins
  6 kobolds
  6 rats
98 creatures vanquished.

Vanquished Creatures (others)
  An ice beast (D:5)
1 creature vanquished.

Grand Total: 99 creatures vanquished

Notes
Turn   | Place    | Note
-------+----------+-------------------------------------------
     0 | D:1      | Esekla the Barachi Wanderer began the quest for the Orb.
     0 | D:1      | Esekla set off with the following items: a +0 club, a
                  | scroll of teleportation, a +0 leather armour, a wand of
                  | flame (7); and the following spell memorised: Freeze; and
                  | the following spells available to memorise: Blink,
                  | Ozocubu's Armour, Ensorcelled Hibernation, Momentum Strike.
     0 | D:1      | Reached XP level 1. HP: 13/13 MP: 2/2
   139 | D:1      | Reached skill level 1 in Fighting
   139 | D:1      | Reached XP level 2. HP: 16/21 MP: 2/4
   163 | D:1      | Learned a level 2 spell: Blink
   335 | D:1      | Reached skill level 1 in Armour
   458 | D:1      | Reached XP level 3. HP: 18/26 MP: 2/5
  1937 | D:2      | Found Oqi Sean's Weapon Boutique.
  1997 | D:2      | Reached skill level 4 in Ice Magic
  1997 | D:2      | Reached XP level 4. HP: 33/33 MP: 6/6
  2078 | D:2      | Found a shimmering altar of Xom.
  2305 | D:3      | Learned a level 3 spell: Ozocubu's Armour
  2921 | D:3      | Found a hide-covered altar of Uskayaw.
  2921 | D:3      | Found a shimmering altar of Xom.
  2922 | D:3      | Found a broken altar of Ashenzari.
  2922 | D:3      | Found a glowing silver altar of Zin.
  2936 | D:3      | Became a worshipper of Ashenzari the Shackled
  2941 | D:3      | Found a burning altar of Makhleb.
  2942 | D:3      | Found a sparkling altar of Nemelex Xobeh.
  3128 | D:3      | Reached skill level 1 in Long Blades
  3371 | D:3      | Reached XP level 5. HP: 15/38 MP: 1/7
  3526 | D:4      | Found a snail-covered altar of Cheibriados.
  3547 | D:4      | Reached skill level 1 in Dodging
  3636 | D:5      | Entered Level 5 of the Dungeon
  3644 | D:5      | Noticed an ogre
  3696 | D:5      | Killed an ogre
  3786 | D:5      | Reached XP level 6. HP: 25/46 MP: 2/9
  3866 | D:5      | Noticed Blork the orc
  4070 | D:5      | Noticed an ice beast
  4079 | D:5      | Killed an ice beast
  4431 | D:4      | Reached XP level 7. HP: 40/51 MP: 1/11
  4719 | D:4      | Slain by a gnoll sergeant

Illustrated notes

Levels and vault maps discovered:
D:1:      wander_arrival_lonely_grave, layout_loops_ring, minmay_tromino_mix6
D:2:      layout_loops_cross, serial_shops, nicolae_shop_peninsula, basic_altar,
          skrybe_limestone_x, columned_hall_lemuel, minmay_misc_feat_chi,
          nicolae_eternal_life, st_stairs_14
D:3:      layout_basic, minmay_overflow_temple_hex
D:4:      layout_basic, slow_altar_1
D:5:      layout_basic, kennysheep_mini_moat, lemuel_flamethrower_2,
          uniq_edmund, uniq_blork_the_orc, uniq_ijyb

Skill      XL: |  1  2  3  4  5  6  7 |
---------------+----------------------+-----
Fighting       | 1 2 3 |  3.2
Armour         | 1 2 3 |  3.1
Ice Magic      | 4 |  4.5
Long Blades    | 1 2 3 |  3.5
Translocations | 3 |  3.1
Dodging        | 1 |  1.4
Spellcasting   | 2 |  2.9
Stealth        | 2 |  2.0
Short Blades   | |  0.1
Throwing       | |  1.1
Evocations     | |  1.1

Action                     |  1- 3 |  4- 6 |  7- 9 || total
---------------------------+-------+-------+-------++-------
  Melee: Club              |    13 |       |       ||    13
         Dagger            |    98 |     2 |       ||   100
         Falchion          |    37 |   220 |    24 ||   281
         Punch             |       |     3 |     1 ||     4
  Throw: Javelin           |       |     6 |     4 ||    10
         Dart              |       |     2 |       ||     2
   Cast: Freeze            |    33 |    17 |       ||    50
         Ozocubu's Armour  |       |    10 |     3 ||    13
 Invoke: Curse Item        |       |     1 |       ||     1
Ability: Hop               |     1 |     4 |       ||     5
    Use: Scroll            |       |     2 |       ||     2
         Potion            |       |     1 |       ||     1
   Stab: Sleeping          |     4 |       |       ||     4
 Armour: Leather armour    |    41 |    73 |     2 ||   116
  Dodge: Dodged            |    95 |   124 |    11 ||   230
